 Dungeon Sprint DCSS version 0.29-a0-813-g4a14ea37d6 (webtiles) character file.

Game seed: 2922755593636035905

1857 123456 the Fighter (level 8, -24/89 HPs)
             Began as a Minotaur Fighter on July 4, 2022.
             Was an Elder of Okawaru.
             Annihilated by a boulder beetle (47 damage)
             ... in the Dungeon (Sprint IX: "|||||||||||||||||||||||||||||").
             The game lasted 00:01:21 (731 turns).

123456 the Fighter (Minotaur Fighter)                Turns: 731, Time: 00:01:22

Health: -24/89     AC: 13    Str: 20    XL:     8   Next: 89%
Magic:  7/7        EV: 11    Int:  8    God:    Okawaru [****..]
Gold:   0          SH:  0    Dex: 13    Spells: 7/7 levels left

rFire   . . .      SeeInvis .   o - +2 dire flail (vorpal)
rCold   . . .      Faith    .   (shield currently unavailable)
rNeg    . . .      Spirit   .   n - +1 chain mail
rPois   .          Reflect  .   (helmet restricted)
rElec   .          Harm     .   a - +0 cloak
rCorr   .          Rampage  .   (no gloves)
Will    .....      NoTele   +   c - +0 pair of boots
Stlth   ..........              (no amulet)
HPRegen 0.24/turn               q - +3 ring of intelligence
MPRegen 0.10/turn               p - +2 ring of protection

@: corroded, slowed, very slow
A: horns 2, retaliatory headbutt
a: Renounce Religion, Heroism, Finesse


You were in the Dungeon.
You worshipped Okawaru.
Okawaru was greatly pleased with you.
You visited 1 branch

Inventory:

Hand Weapons
 o - a +2 vorpal dire flail (weapon)
Armour
 a - a +0 cloak (worn)
 c - a +0 pair of boots (worn)
 n - a +1 chain mail (worn)
Jewellery
 p - a +2 ring of protection (right hand)
 q - a +3 ring of intelligence (left hand)
Wands
 m - a wand of iceblast (10)
Scrolls
 j - 2 scrolls of blinking
 l - 2 scrolls of amnesia
Potions
 d - a potion of might
 e - 4 potions of curing
 f - 2 potions of heal wounds
 g - a potion of haste
 h - 4 potions of magic
 i - a potion of berserk rage
 k - a potion of invisibility


   Skills:
 * Level 14.1 Fighting
 * Level 13.9 Maces & Flails
 + Level 10.4 Armour
 + Level 9.1 Dodging
 - Level 3.6 Shields


You had 7 spell levels left.
You didn't know any spells.
Your spell library was empty.

Dungeon Overview and Level Annotations

Branches:
Dungeon (1/1)

Altars:
Cheibriados
Dithmenos
Elyvilon
Fedhas
Gozag
Hepliaklqana
Kikubaaqudgha
Makhleb
Nemelex Xobeh
Okawaru
Qazlal
Ru
Sif Muna
Trog
Uskayaw
Vehumet
Wu Jian
Xom
Yredelemnul
Zin
The Shining One
Jiyva
Lugonu


Innate Abilities, Weirdness & Mutations

You have a pair of horns on your head.
You reflexively headbutt those who attack you in melee.


Message History

The boulder beetle leaps!
The vampire mosquito bites you but does no damage.
The vampire mosquito bites you but does no damage.
There is an open door here.
The vampire mosquito bites you but does no damage.
Unknown command.
You sock the vampire mosquito!
The vampire mosquito is heavily damaged.
The vampire mosquito misses you. You furiously retaliate!
You headbutt the vampire mosquito. You miss the vampire mosquito.
Your headbutt misses the vampire mosquito.
The vampire mosquito is heavily damaged.
The vampire mosquito bites you but does no damage.
You impale the vampire mosquito!!
You destroy the vampire mosquito!
Okawaru accepts your kill.
You can now speed up your combat.
The boulder beetle leaps!
Your Fighting skill increases to level 14!
Your Dodging skill increases to level 9!
The wraith hits you! The wraith drains your vigour!
You feel yourself slow down.
The boulder beetle curls into a ball and begins rolling!
There is an open door here.
You see here a vampire mosquito corpse.
You hit the wraith. Your headbutt misses the wraith.
The wraith is lightly damaged.
The wraith hits you but does no damage.
You hit the wraith. You headbutt the wraith.
The wraith is heavily damaged.
The wraith barely misses you.
You hit the wraith.
The wraith is heavily damaged.
The wraith hits you.
* * * LOW HITPOINT WARNING * * *
The wraith drains your vigour!
You feel as though you will be slow longer.
The boulder beetle hits you!!!
Ouch! That really hurt!
You die... ▓▓▓▓▓▓▓▓▓▓▓▓▓▓▓▓▓▓▓▓▓▓▓▓ ..).....[)÷.°°°B@W†....+ ▓▓▓▓▓▓▓▓▓▓▓▓▓▓▓▓▓▓▓▓▓▓▓▓

You could see a boulder beetle (rolling) and a wraith.

Vanquished Creatures
  An ugly thing (D)
  A gargoyle (D)
  A troll (D)
  A shadow (D)
  A yak (D)
  A steam dragon (D)
  A vampire mosquito (D)
  An acid dragon (D)
  An orc warrior (D)
  A centaur (D)
  A howler monkey (D)
  A hound (D)
  2 adders (D)
  An orc (D)
  A giant cockroach (D)
  A bat (D)
  A frilled lizard (D)
  2 kobolds (D)
20 creatures vanquished.

Notes
Turn   | Place    | Note
-------+----------+-------------------------------------------
     0 | D        | 123456 the Minotaur Fighter began the quest for the Orb.
     0 | D        | Reached XP level 1. HP: 19/19 MP: 0/0
     7 | D        | Reached skill level 4 in Fighting
    12 | D        | Reached skill level 1 in Dodging
    19 | D        | Noticed a howler monkey
    19 | D        | Noticed a hound
    30 | D        | Reached skill level 5 in Fighting
    30 | D        | Reached XP level 2. HP: 20/29 MP: 1/1
    43 | D        | Killed a howler monkey
    44 | D        | Reached skill level 6 in Fighting
    44 | D        | Reached skill level 5 in Maces & Flails
    44 | D        | Reached skill level 5 in Armour
    44 | D        | Reached XP level 3. HP: 17/38 MP: 2/2
    49 | D        | Reached skill level 7 in Fighting
    49 | D        | Reached XP level 4. HP: 14/47 MP: 3/3
   268 | D        | Found a snail-covered altar of Cheibriados.
   268 | D        | Found a shadowy altar of Dithmenos.
   268 | D        | Found a white marble altar of Elyvilon.
   268 | D        | Found a blossoming altar of Fedhas.
   268 | D        | Found an opulent altar of Gozag.
   269 | D        | Found a hazy altar of Hepliaklqana.
   270 | D        | Found a viscous altar of Jiyva.
   271 | D        | Found an ancient bone altar of Kikubaaqudgha.
   272 | D        | Found a corrupted altar of Lugonu.
   273 | D        | Found a burning altar of Makhleb.
   274 | D        | Found a sparkling altar of Nemelex Xobeh.
   275 | D        | Found an iron altar of Okawaru.
   276 | D        | Found a stormy altar of Qazlal.
   277 | D        | Found a sacrificial altar of Ru.
   278 | D        | Found a shimmering blue altar of Sif Muna.
   279 | D        | Found a bloodstained altar of Trog.
   280 | D        | Found a hide-covered altar of Uskayaw.
   281 | D        | Found a radiant altar of Vehumet.
   282 | D        | Found an ornate altar of the Wu Jian Council.
   283 | D        | Became a worshipper of Warmaster Okawaru
   284 | D        | Found a shimmering altar of Xom.
   285 | D        | Found a basalt altar of Yredelemnul.
   286 | D        | Found a glowing silver altar of Zin.
   287 | D        | Found a glowing golden altar of the Shining One.
   295 | D        | Found the +7 captain's cutlass {speed, disarm}
   349 | D        | Noticed an acid dragon
   349 | D        | Noticed an orc warrior
   349 | D        | Noticed a gargoyle
   349 | D        | Noticed a shadow
   349 | D        | Noticed a steam dragon
   349 | D        | Noticed a yak
   357 | D        | Killed an acid dragon
   357 | D        | Reached * piety under Okawaru
   358 | D        | Reached skill level 8 in Fighting
   358 | D        | Reached XP level 5. HP: 48/56 MP: 4/4
   362 | D        | Killed an orc warrior
   363 | D        | Reached skill level 9 in Fighting
   363 | D        | Reached skill level 5 in Dodging
   363 | D        | Reached XP level 6. HP: 42/64 MP: 5/5
   365 | D        | Killed a gargoyle
   365 | D        | Reached ** piety under Okawaru
   366 | D        | Reached skill level 11 in Fighting
   366 | D        | Reached skill level 10 in Maces & Flails
   366 | D        | Reached XP level 7. HP: 50/74 MP: 6/6
   369 | D        | Killed a shadow
   371 | D        | Killed a steam dragon
   372 | D        | Reached skill level 12 in Fighting
   376 | D        | Killed a yak
   376 | D        | Reached *** piety under Okawaru
   377 | D        | Reached XP level 8. HP: 33/85 MP: 7/7
   696 | D        | Noticed a troll
   696 | D        | Noticed a boulder beetle
   696 | D        | Noticed a brown ugly thing
   703 | D        | Killed a troll
   704 | D        | Reached skill level 13 in Fighting
   715 | D        | Killed a brown ugly thing
   716 | D        | Reached skill level 10 in Armour
   727 | D        | Reached **** piety under Okawaru
   728 | D        | Reached skill level 14 in Fighting
   731 | D        | Annihilated by a boulder beetle

Illustrated notes

Levels and vault maps discovered:
D:        linesprint [early_d, line_temple, items_1, d_10, items_2, lair_1,
          lair_end, items_3, orc_1, orc_end, items_4, d_15, swamp_1, shoals_1,
          snake_1, spider_1, d_20, vaults_1, items_5, swamp_end, shoals_end,
          snake_end, spider_end, vaults_end, d_27, items_6, zot_1, zot_end,
          crypt_end, forest_end, elf_end, slime_end, tomb_end, abyss_end,
          pan_hell_end]

Skill      XL: |  1  2  3  4  5  6  7  8 |
---------------+-------------------------+-----
Fighting       | 5 6 7 8 9 11 12 14 | 14.1
Maces & Flails | 4 5 6 8 9 10 12 13 | 13.9
Dodging        | 1 3 4 5 6 7 9 |  9.1
Armour         | 4 5 6 7 8 9 10 | 10.4
Shields        | |  3.6

Action                   |  1- 3 |  4- 6 |  7- 9 || total
-------------------------+-------+-------+-------++-------
Melee: Flail             |    36 |       |       ||    36
       Headbutt          |     3 |     2 |    11 ||    16
       Dire flail        |       |    16 |    37 ||    53
  Use: Potion            |       |       |     2 ||     2
Armor: Scale mail        |    17 |       |       ||    17
       Chain mail        |       |     8 |    22 ||    30
Dodge: Dodged            |    20 |     7 |    10 ||    37
Block: Buckler           |     4 |       |       ||     4

Table legend: (Time is in decaauts)
 A = Elapsed time spent in this place.
 B = Non-inter-level travel time spent in this place.
 C = Inter-level travel time spent in this place.
 D = Time resting spent in this place.
 E = Time spent auto-exploring this place.
 F = Levels seen in this place.
 G = Mean time per level.
                   A        B        C        D        E       F      G
               +--------+--------+--------+--------+--------+-----+--------+
         Total |    724 |    724 |      0 |    528 |     19 |   1 |  724.0 |
       Dungeon |    724 |    724 |      0 |    528 |     19 |   1 |  724.0 |
               +--------+--------+--------+--------+--------+-----+--------+

Top non-repeatable levels by time:
       D: 724 daAuts
